 Dungeon Crawl Stone Soup version 0.20.1-1-g8b1a95d (webtiles) character file.

34496 shigeko the Bludgeoner (level 13, -4/136 HPs)
             Began as a Minotaur Fighter on Nov 28, 2017.
             Was a High Priest of Okawaru.
             Slain by a spiny frog (19 damage)
             ... on level 5 of the Lair of Beasts.
             The game lasted 00:42:25 (17703 turns).

shigeko the Bludgeoner (Minotaur Fighter)          Turns: 17703, Time: 00:42:26

Health: -4/136     AC: 20    Str: 24    XL:     13   Next: 42%
Magic:  16/16      EV: 18    Int:  5    God:    Okawaru [*****.]
Gold:   913        SH:  0    Dex: 12    Spells: 12/12 levels left

rFire    + . .     SeeInvis +   F - +2 great mace (protect)
rCold    + + .     Gourm    .   (shield currently unavailable)
rNeg     . . .     Faith    .   z - +2 scale mail {rC+}
rPois    +         Spirit   .   e - +0 hat {SInv}
rElec    .         Reflect  .   p - scarf {rC+ rF+}
rCorr    +         Harm     .   E - +0 pair of gloves
MR       .....                  (no boots)
Stlth    +.........             (no amulet)
Regen    0.4/turn               d - ring of poison resistance
MPRegen  0.2/turn               L - ring of resist corrosion

@: heroism, protection aura, studying Ice Magic
A: retaliatory headbutt, hooves 1, horns 2, robust 2
a: Heroism, Finesse, Renounce Religion


You were on level 5 of the Lair of Beasts.
You worshipped Okawaru.
Okawaru was extremely pleased with you.
You were not hungry.

You visited 2 branches of the dungeon, and saw 15 of its levels.
You also visited: Ice Cave.

You collected 913 gold pieces.

Inventory:

Hand Weapons
 w - the +1 mace of Qaceur {venom, Int+3}
   (You found it on level 3 of the Lair of Beasts)

   It poisons the flesh of those it strikes.
   It affects your intelligence (+3).
 F - a +2 great mace of protection (weapon)
 R - a +3 dire flail of holy wrath
Armour
 c - a +0 shield
 e - a +0 hat of see invisible (worn)
 p - a scarf of resistance (worn)
 z - a +2 scale mail of cold resistance (worn)
 B - a +2 buckler of reflection
 E - a +0 pair of gloves (worn)
Jewellery
 d - a ring of poison resistance (left hand)
 C - an uncursed ring of protection from cold
 J - an uncursed ring of poison resistance
 L - a ring of resist corrosion (right hand)
Wands
 n - a wand of acid (12/15)
 o - a wand of paralysis (14/24)
 v - a wand of digging (15/24)
 Q - a wand of disintegration (8/24)
 T - a wand of paralysis (8/24)
Scrolls
 g - a scroll of blinking {unknown}
 j - a scroll of fog
 q - 4 scrolls of teleportation
 y - 8 scrolls of remove curse
 A - a scroll of vulnerability
 M - a scroll of enchant armour
 N - a scroll of identify
 O - 2 scrolls of enchant weapon
Potions
 h - 2 potions of brilliance
 i - a potion of agility
 k - a potion of invisibility
 l - a potion of magic
 r - 6 potions of curing
 s - 2 potions of ambrosia
 t - a potion of berserk rage
 u - 9 potions of lignification
 x - 4 potions of might
 D - 5 potions of flight
 G - a potion of haste
 P - a potion of cancellation {unknown}
Books
 H - a manual of Ice Magic
Miscellaneous
 m - a lamp of fire
Comestibles
 a - 3 meat rations
 b - 7 fruits
 f - 7 bread rations
 I - 4 royal jellies
 S - 9 chunks of flesh


   Skills:
 - Level 10.3(15.3) Fighting
 * Level 19.0(24.0) Maces & Flails
 - Level 10.0(15.0) Armour
 + Level 10.0(15.0) Dodging
 - Level 3.6(8.6) Shields
 - Level 6.0 Invocations


You had 12 spell levels left.
You didn't know any spells.

Dungeon Overview and Level Annotations

Branches:
Dungeon (10/15)            Temple (0/1) D:6            Lair (5/6) D:8
  Swamp (0/4) Lair:2        Snake (0/4) Lair:2
  Slime: Lair:5-6       Orc: D:9-12

Altars:
Ashenzari
Cheibriados
Dithmenos
Elyvilon
Fedhas
Gozag
Hepliaklqana
Kikubaaqudgha
Makhleb
Okawaru
Ru
Sif Muna
Trog
Vehumet
Xom
Yredelemnul
Zin
Beogh

Shops:
D:7 }   D:9 [}%

Annotations:
D:8 2 runed doors, exclusion: orange crystal statue


Innate Abilities, Weirdness & Mutations

You reflexively headbutt those who attack you in melee.
You have a pair of horns on your head.
You have large cloven feet.
You are very robust. (+20% HP)


Message History

Warning x3: The spiny frog is fast and can hit for high damage in melee!
The death yak can hit for high damage in melee! x2
You bludgeon the death yak!!
You kill the death yak!
Okawaru accepts your kill.
Your base Maces & Flails skill increases to level 19!
Your base Dodging skill increases to level 10!
The death yak misses you.
Warning x2: The spiny frog is fast and can hit for high damage in melee!
The death yak can hit for high damage in melee!
You hit the death yak but do no damage. You kick the death yak!
You sock the death yak! You kick the death yak.
The death yak barely misses you.
You crush the death yak like a grape!!!
You kill the death yak!
Okawaru accepts your kill.
The spiny frog stings you but does no damage.
Spoiler Alert: The spiny frog is fast and can hit for high damage in melee!
Your scale mail prevents you from hitting the spiny frog.
You kick the spiny frog, but do no damage.
You headbutt the spiny frog. The spiny frog stings you!!
You die...

.
.#...............#
...###..#....#
####....#
###..#P...#
P#........##
..........#
#P..##...##
##.......P#
#.#+...@..##
......F†..#
).........#
..........P#
...........#
...........#
....P......#
....P...>..#
....P.....##


You could see a spiny frog.

Vanquished Creatures
  5 hydras
  A two-headed ogre (D:6)
  5 death yaks (Lair:5)
  The ghost of Brandom the Basher, a novice DgWn (IceCv)
  A queen ant (Lair:2)
  Pikel (D:9)
  2 ugly things (IceCv)
  11 elephants
  4 spiny frogs
  2 black mambas (Lair:4)
  3 ice statues (IceCv)
  The ghost of Dustman the Chopper, a novice HuGl (D:6)
  A rime drake (Lair:1)
  6 komodo dragons
  A slime creature (Lair:2)
  2 trolls (D:10)
  8 hippogriffs
  24 yaks
  Eustachio (D:5)
  A wyvern (Lair:2)
  Menkaure (D:5)
  2 nagas (Lair:2)
  12 soldier ants (Lair:2)
  Duvessa (D:6)
  11 porcupines
  11 water moccasins
  9 ice beasts
  4 orc warriors
  2 sky beasts
  A phantom (D:9)
  2 ogres
  The ghost of letownia2 the Grave Robber, an amateur DDNe (D:4)
  4 centaurs
  7 crocodiles
  11 bullfrogs
  A water moccasin zombie (D:7)
  Dowan (D:6)
  2 scorpions (D:6)
  18 killer bees
  A howler monkey (D:10)
  3 crimson imps
  3 centaur zombies
  A quasit (D:9)
  7 orc priests
  5 hounds
  3 jellies (Lair:2)
  8 orc wizards
  3 bullfrog skeletons
  A gnoll shaman (D:10)
  Jessica (D:2)
  2 centaur skeletons
  9 iguanas
  18 worker ants
  A killer bee zombie (D:10)
  2 worker ant zombies
  Robin (D:2)
  17 adders
  8 gnolls
  A shadow imp (D:10)
  21 oozes
  An adder skeleton (D:9)
  2 adder zombies
  3 worms
  3 dart slugs
  3 leopard geckos
  39 orcs
  2 ball pythons
  8 bats
  7 giant cockroaches
  13 goblins
  11 hobgoblins
  15 jackals
  3 kobolds
  4 quokkas
  A jackal skeleton (D:8)
  A jackal zombie (D:5)
  A quokka skeleton (D:5)
  7 rats
422 creatures vanquished.

Vanquished Creatures (collateral kills)
  A fungus (Lair:5)
1 creature vanquished.

Vanquished Creatures (others)
  5 fungi
5 creatures vanquished.

Grand Total: 428 creatures vanquished

Notes
Turn   | Place    | Note
-------+----------+-------------------------------------------
     0 | D:1      | shigeko the Minotaur Fighter began the quest for the Orb.
     0 | D:1      | Reached XP level 1. HP: 19/19 MP: 0/0
    29 | D:1      | Reached skill level 3 in Maces & Flails
    65 | D:1      | Reached XP level 2. HP: 26/26 MP: 1/1
   196 | D:1      | Reached skill level 4 in Maces & Flails
   286 | D:1      | Reached XP level 3. HP: 26/31 MP: 2/2
   755 | D:2      | Noticed Robin
  1072 | D:1      | Reached skill level 5 in Maces & Flails
  1385 | D:2      | Killed Robin
  1385 | D:2      | Reached XP level 4. HP: 39/39 MP: 3/3
  1489 | D:2      | Found an iron altar of Okawaru.
  1524 | D:2      | Became a worshipper of Warmaster Okawaru
  1998 | D:2      | Reached skill level 6 in Maces & Flails
  2038 | D:2      | Noticed Jessica
  2045 | D:2      | Killed Jessica
  2045 | D:2      | Reached XP level 5. HP: 41/45 MP: 4/4
  2832 | D:3      | Reached skill level 7 in Maces & Flails
  3249 | D:4      | Found a white marble altar of Elyvilon.
  3269 | D:4      | Noticed letownia2's ghost (amateur DDNe)
  3286 | D:4      | Killed letownia2's ghost
  3286 | D:4      | Reached * piety under Okawaru
  3286 | D:4      | Reached XP level 6. HP: 39/51 MP: 5/5
  3413 | D:4      | Reached skill level 8 in Maces & Flails
  3729 | D:4      | Found a shattered altar of Ashenzari.
  3729 | D:4      | Found a snail-covered altar of Cheibriados.
  3754 | D:4      | Found a hazy altar of Hepliaklqana.
  3754 | D:4      | Found an opulent altar of Gozag.
  3792 | D:4      | Found a radiant altar of Vehumet.
  3794 | D:4      | Identified Vehumet's Handbook of Combat Magic
  3797 | D:4      | Found an ancient bone altar of Kikubaaqudgha.
  3798 | D:4      | Found a deep blue altar of Sif Muna.
  3924 | D:4      | Found a burning altar of Makhleb.
  4012 | D:5      | Entered Level 5 of the Dungeon
  4064 | D:5      | Reached skill level 9 in Maces & Flails
  4064 | D:5      | Reached XP level 7. HP: 30/57 MP: 6/6
  4461 | D:5      | Reached skill level 10 in Maces & Flails
  4473 | D:5      | Reached ** piety under Okawaru
  4496 | D:5      | Noticed Menkaure
  4514 | D:5      | Killed Menkaure
  4923 | D:4      | Reached skill level 11 in Maces & Flails
  5210 | D:5      | Reached XP level 8. HP: 51/67 MP: 7/7
  5344 | D:5      | Noticed Eustachio
  5344 | D:5      | Found a sacrificial altar of Ru.
  5368 | D:5      | Killed Eustachio
  5368 | D:5      | Reached skill level 5 in Fighting
  5749 | D:6      | Found a staircase to the Ecumenical Temple.
  5749 | D:6      | Noticed Duvessa
  5765 | D:6      | Killed Duvessa
  5766 | D:6      | Noticed Dowan
  5773 | D:6      | Noticed Dustman's ghost (novice HuGl)
  5776 | D:6      | Killed Dowan
  6150 | D:6      | Killed Dustman's ghost
  6150 | D:6      | Reached *** piety under Okawaru
  6295 | D:6      | Found a bloodstained altar of Trog.
  6299 | D:6      | Found a shimmering altar of Xom.
  6299 | D:6      | Noticed a two-headed ogre
  6312 | D:6      | Killed a two-headed ogre
  6312 | D:6      | Reached **** piety under Okawaru
  6312 | D:6      | Reached skill level 5 in Armour
  6312 | D:6      | Reached XP level 9. HP: 54/85 MP: 8/8
  6412 | D:6      | Reached skill level 10 in Fighting
  6544 | D:6      | Found a basalt altar of Yredelemnul.
  6587 | D:6      | Found an opulent altar of Gozag.
  6654 | D:6      | Gained mutation: You have large cloven feet. [potion of mutation]
  6654 | D:6      | Gained mutation: You are robust. (+10% HP) [potion of mutation]
  6654 | D:6      | Gained mutation: You are very robust. (+20% HP) [potion of mutation]
  6925 | D:6      | Found a shadowy altar of Dithmenos.
  7350 | D:7      | Reached skill level 1 in Invocations
  7354 | D:7      | Found a glowing silver altar of Zin.
  7354 | D:7      | Noticed an angel
  7509 | D:7      | Found Xaisas's Gadget Boutique.
  8433 | D:8      | Found a runed door.
  8438 | D:8      | Noticed an orange crystal statue
  8450 | D:8      | Reached XP level 10. HP: 112/112 MP: 11/11
  8623 | D:8      | Found a staircase to the Lair.
  8771 | D:8      | Reached ***** piety under Okawaru
  8979 | D:8      | Found a roughly hewn altar of Beogh.
  9306 | D:8      | Found a runed door.
  9343 | D:8      | Reached skill level 12 in Maces & Flails
  9735 | D:9      | Received a gift from Okawaru
  9832 | D:9      | Found Berphe Oklo's Food Boutique.
 10017 | D:9      | Noticed Pikel
 10026 | D:9      | Killed Pikel
 10026 | D:9      | Reached skill level 5 in Invocations
 10037 | D:9      | Found Meapn's Gadget Emporium.
 10051 | D:9      | Found Dulyaruiwk's Antique Armour Shoppe.
 10188 | D:10     | Entered Level 10 of the Dungeon
 11244 | Lair:1   | Entered Level 1 of the Lair of Beasts
 11250 | Lair:1   | Reached skill level 13 in Maces & Flails
 11254 | Lair:1   | Reached XP level 11. HP: 106/121 MP: 14/14
 11259 | Lair:1   | Received a gift from Okawaru
 11259 | Lair:1   | Reached skill level 10 in Armour
 11570 | Lair:1   | Reached skill level 1 in Dodging
 11813 | Lair:1   | Found a blossoming altar of Fedhas.
 12166 | Lair:1   | Noticed a six-headed hydra
 12172 | Lair:1   | Killed a six-headed hydra
 12172 | Lair:1   | Reached skill level 14 in Maces & Flails
 13347 | Lair:2   | Noticed a queen ant
 13358 | Lair:2   | Killed a queen ant
 13358 | Lair:2   | Reached skill level 15 in Maces & Flails
 13379 | Lair:2   | Reached skill level 5 in Dodging
 13523 | Lair:2   | Found a staircase to the Snake Pit.
 13560 | Lair:2   | Noticed a six-headed hydra
 13568 | Lair:2   | Killed a six-headed hydra
 13766 | Lair:2   | Found a staircase to the Swamp.
 13795 | Lair:2   | Reached XP level 12. HP: 109/128 MP: 15/15
 13802 | Lair:2   | Found a frozen archway.
 13812 | IceCv    | Entered an ice cave
 13823 | IceCv    | Noticed Brandom's ghost (novice DgWn)
 13843 | IceCv    | Killed Brandom's ghost
 13843 | IceCv    | Reached skill level 16 in Maces & Flails
 14078 | IceCv    | Received a gift from Okawaru
 15165 | Lair:2   | Reached skill level 17 in Maces & Flails
 15342 | Lair:3   | Noticed an eight-headed hydra
 15350 | Lair:3   | Killed an eight-headed hydra
 15819 | Lair:3   | Got an iridescent mace
 15820 | Lair:3   | Identified the +1 mace of Qaceur {venom, Int+3} (You found it on level 3 of the Lair of Beasts)
 16441 | Lair:4   | Reached skill level 18 in Maces & Flails
 16510 | Lair:4   | Reached XP level 13. HP: 114/136 MP: 16/16
 17133 | Lair:4   | Reached ****** piety under Okawaru
 17312 | Lair:4   | Received a gift from Okawaru
 17699 | Lair:5   | Reached skill level 19 in Maces & Flails
 17699 | Lair:5   | Reached skill level 10 in Dodging
 17703 | Lair:5   | Slain by a spiny frog

Skill      XL: |  1  2  3  4  5  6  7  8  9 10 11 12 13 |
---------------+----------------------------------------+-----
Maces & Flails | 3 4 5 6 7 9 11 13 15 18 19 | 19.0
Fighting       | 4 9 10 | 10.3
Armour         | 5 7 9 10 | 10.0
Invocations    | 3 6 |  6.0
Dodging        | 5 9 10 | 10.0
Shields        | |  3.6

Action                   |  1- 3 |  4- 6 |  7- 9 | 10-12 | 13-15 || total
-------------------------+-------+-------+-------+-------+-------++-------
Melee: Flail             |    95 |    42 |       |       |       ||   137
       Headbutt          |    11 |    26 |    74 |   126 |    23 ||   260
       Club              |       |   132 |   350 |   158 |       ||   640
       Kick              |       |       |    41 |   227 |    32 ||   300
       Great mace        |       |       |       |   522 |    85 ||   607
Invok: Heroism           |       |       |     2 |     2 |     3 ||     7
       Finesse           |       |       |       |     4 |       ||     4
Evoke: Wand              |       |       |       |     1 |       ||     1
  Use: Potion            |     1 |     1 |     2 |     1 |     1 ||     6
       Scroll            |       |     9 |     6 |     9 |     2 ||    26
 Stab: Invisible         |       |     1 |     1 |       |       ||     2
  Eat: Bread ration      |     1 |       |     1 |       |       ||     2
       Chunk             |       |     6 |    12 |    22 |     5 ||    45
Armor: Scale mail        |    54 |    12 |    23 |   296 |    39 ||   424
       Chain mail        |       |    69 |    74 |       |       ||   143
       Plate armour      |       |       |    33 |       |       ||    33
Dodge: Dodged            |    30 |    16 |    49 |   317 |    71 ||   483
Block: Shield            |    33 |       |    49 |    59 |       ||   141
       Large shield      |    63 |   116 |   171 |       |       ||   350
